 Dungeon Crawl Stone Soup version 0.28.0 (webtiles) character file.

Game seed: 11648561186909088137

80 Akaron the Sneak (level 4, 0/27 HPs)
             Began as an Octopode Fire Elementalist on Feb 13, 2022.
             Killed by divine providence
             ... invoked by an orc priest
              (14 damage)
             ... on level 3 of the Dungeon.
             The game lasted 00:04:07 (2697 turns).

Akaron the Sneak (Octopode Fire Elementalist)       Turns: 2697, Time: 00:04:10

Health: 0/27       AC:  1    Str:  7    XL:     4   Next: 39%
Magic:  0/7        EV: 13    Int: 19    God:
Gold:   71         SH:  0    Dex: 12    Spells: 1/8 levels left

rFire   . . .      SeeInvis .   (no weapon)
rCold   . . .      Faith    .   (no shield)
rNeg    . . .      Spirit   .   (helmet restricted)
rPois   .          Reflect  .   (no amulet)
rElec   .          Harm     .   (no ring)
rCorr   .          Rampage  .   (no ring)
Will    .....                   (no ring)
Stlth   +++.......              (no ring)
HPRegen 0.09/turn               (no ring)
MPRegen 0.10/turn               (no ring)
                                (no ring)
                                (no ring)

@: no status effects
A: almost no armour, amphibious, 8 rings, camouflage 1, gelatinous body 1,
(nimble swimmer 1), tentacles
a: no special abilities


You were on level 3 of the Dungeon.
You visited 1 branch of the dungeon, and saw 3 of its levels.

You collected 71 gold pieces.

Inventory:

Missiles
 c - 2 throwing nets
Scrolls
 a - 4 scrolls of identify {unknown}
 e - a scroll of immolation {unknown}


   Skills:
 + Level 2.2 Dodging
 + Level 3.9 Stealth
 + Level 0.4 Unarmed Combat
 + Level 2.6 Spellcasting
 + Level 1.8 Conjurations
 + Level 3.5 Fire Magic


You had one spell level left.
You knew the following spells:

 Your Spells              Type           Power      Damage    Failure   Level
a - Foxfire               Conj/Fire      48%        2x1d6     5%          1
b - Scorch                Fire           32%        2d6       5%          2
c - Flame Wave            Conj/Fire      12%        2d6       45%         4

Your spell library contained the following spells:

 Spells                   Type           Power      Damage    Failure   Level
 Conjure Flame            Conj/Fire      12%        6-21      16%         3
 Inner Flame              Hex/Fire       9%         N/A       22%         3


Dungeon Overview and Level Annotations

Branches:
Dungeon (3/15)

Altars:

Shops:
D:1 !?=*

Annotations:
D:2 Terence


Innate Abilities, Weirdness & Mutations

You cannot wear most types of armour.
You are amphibious.
You can wear up to eight rings at the same time.
Your skin changes colour to match your surroundings (Stealth+).
Your rubbery body absorbs attacks. (AC +1, EV +1)
((You are camouflaged when in or above water. (Stealth+)))
You have tentacles for arms and can constrict up to eight enemies at once.


Message History

The foxfire hits the orc.
The orc is moderately wounded.
You conjure some foxfire!
The foxfire hits the orc.
The orc is heavily wounded.
An orc comes into view. It is wielding a +0 club.
You conjure some foxfire!
The orc shouts!
The foxfire hits the orc.
The orc is severely wounded.
A rat comes into view.
An orc priest comes into view. It is wielding a +0 short sword.
You tentacle-slap the orc.
You kill the orc!
You conjure some foxfire!
You conjure some foxfire!
The foxfire hits the orc but does no damage.
The foxfire hits the orc.
The orc is lightly wounded.
You conjure some foxfire!
The foxfire hits the orc.
The orc is moderately wounded.
The foxfire hits the orc.
The orc is heavily wounded.
The foxfire hits the orc but does no damage.
The orc is heavily wounded.
You conjure some foxfire!
The foxfire hits the orc.
The orc is severely wounded.
You conjure some foxfire!
The foxfire hits the orc.
You kill the orc!
The foxfire hits the rat but does no damage.
The orc priest mumbles some strange prayers to Beogh against you.
Beogh smites you!
You conjure some foxfire!
The foxfire hits the rat.
The rat is severely wounded.
The foxfire hits the rat.
You kill the rat!
The orc priest mumbles some strange prayers to Beogh against you.
Beogh smites you!
Ouch! That really hurt!
You die...

##.....#####o.r..#
##.....o..).#
#......##### ##.......##
#.....#...###
##.....##....#
#..#.#.##....##
#....#.###.)..##
####......v@...#..
##..###v§§......
#..#...........
##..............
#.....#...###...
##...............
########..##.....####.#.
#......#.#####.......
#......#.####.....###


You could see an orc priest.

Vanquished Creatures
  3 adders (D:2)
  A dart slug (D:1)
  3 orcs (D:3)
  5 ball pythons
  An endoplasm (D:1)
  A giant cockroach (D:1)
  2 goblins (D:2)
  5 hobgoblins
  2 jackals (D:1)
  5 kobolds
  2 quokkas
  8 bats
  A frilled lizard (D:1)
  8 rats
47 creatures vanquished.

Vanquished Creatures (others)
  138 foxfires
138 creatures vanquished.

Grand Total: 185 creatures vanquished

Notes
Turn   | Place    | Note
-------+----------+-------------------------------------------
     0 | D:1      | Akaron the Octopode Fire Elementalist began the quest for
                  | the Orb.
     0 | D:1      | Reached XP level 1. HP: 11/11 MP: 3/3
    95 | D:1      | Found Nesya's Magic Scroll Shop.
   395 | D:1      | Reached XP level 2. HP: 17/17 MP: 5/5
   870 | D:1      | Found Moav's Distillery.
  1131 | D:1      | Found Uxtoos's Assorted Antiques.
  1372 | D:1      | Found Gaumubb's Jewellery Shoppe.
  1398 | D:1      | Reached XP level 3. HP: 21/21 MP: 3/6
  1638 | D:1      | Found a faded altar of an unknown god.
  2164 | D:2      | Reached XP level 4. HP: 27/27 MP: 4/7
  2554 | D:2      | Noticed Terence
  2566 | D:2      | Learned a level 2 spell: Scorch
  2571 | D:2      | Learned a level 4 spell: Flame Wave
  2697 | D:3      | Killed from afar by an orc priest

Illustrated notes

Levels and vault maps discovered:
D:1:      minmay_arrival_loop, layout_basic, shapermc_ecumenical_altar_gd,
          serial_shops, nicolae_diamond_shop, shop, nicolae_shop_hallway_plus,
          nicolae_shop_statue_plus
D:2:      layout_basic, uniq_terence
D:3:      layout_rooms, minmay_misc_feat_tower, small_statue_alley_b,
          nicolae_figureground_pulse

Skill      XL: |  1 |
---------------+----+-----
Stealth        | 3 |  3.9
Dodging        | |  2.2
Unarmed Combat | |  0.4
Spellcasting   | |  2.6
Conjurations   | |  1.8
Fire Magic     | |  3.5

Action                   |  1- 3 |  4- 6 || total
-------------------------+-------+-------++-------
Melee: Unarmed           |    41 |     2 ||    43
       Tentacles         |     9 |       ||     9
       Constrict         |    10 |       ||    10
       Punch             |     1 |       ||     1
 Cast: Foxfire           |    54 |    27 ||    81
  Use: Potion            |       |     2 ||     2
 Stab: Sleeping          |     5 |       ||     5
Armor: Skin              |     5 |     1 ||     6
Dodge: Dodged            |    29 |     9 ||    38
